Map: Newkirk Precinct TE (Void)

Players

DOWNSTAIRS - Winner!

  • Race: Zerg Zerg
  • League: Gold
  • Spawn Location: 7:00

Fropez

  • Race: Protoss Protoss
  • League: Gold
  • Spawn Location: 5:00

VOD

Have the link to the VOD?

Description

Time

  • Played on: Dec. 28, 2016, 9:12 p.m.
  • Length: 9:29
Show
View Real Time Build Order
Export as new Build Order

DOWNSTAIRS Zerg - Winner!

Build Orders: Hatch First 

Get SALT Encoding   

  12  0:07  Drone  
  13  0:15  Drone  
  13  0:18  Overlord  
  14  0:37  Drone x2  
  16  0:43  Drone  
  17  0:54  Drone  
  18  1:02  Drone  
  19  1:13  Drone  
  20  1:19  Hatchery  
  20  1:23  Spawning Pool, Drone  
  19  1:37  Drone  
  20  1:41  Extractor  
  19  1:56  Drone  
  19  1:57  Drone  
  21  2:09  Hatchery  
  21  2:12  Drone  
  21  2:20  Overlord  
  21  2:30  Queen, Drone  
  21  2:34  Queen, Drone  
  27  2:45  Drone  
  28  2:51  Drone x2  
  28  2:53  Drone  
  30  3:06  Drone  
  30  3:09  Metabolic Boost  
  31  3:14  Drone x3  
  34  3:21  Extractor  
  34  3:22  Overlord x2  
  32  3:27  Drone  
  32  3:31  Queen  
  35  3:35  Queen  
  37  3:46  Roach Warren  
  36  3:49  Drone x2  
  36  3:50  Drone  
  36  3:52  Drone  
  36  3:54  Drone  
  41  4:02  Drone x3  
  44  4:05  Overlord  
  44  4:11  Drone x2  
  46  4:17  Lair  
  46  4:23  Extractor  
  45  4:24  Extractor  
  45  4:26  Drone x2  
  46  4:35  Roach x4  
  54  4:45  Drone x4  
  58  4:53  Drone x5  
  58  4:54  Roach  
  58  4:57  Overlord  
  65  5:03  Extractor, Drone  
  65  5:04  Drone  
  65  5:06  Extractor  
  65  5:16  Drone x4  
  65  5:18  Glial Reconstitution  
  69  5:25  Hydralisk Den  
  68  5:30  Overlord x4  
  65  5:52  Roach x3  
  65  5:53  Roach x2  
  65  5:55  Spine Crawler  
  67  5:58  Spine Crawler  
  67  5:59  Spine Crawler  
  63  6:20  Roach x3  
  63  6:21  Roach x8  
  63  6:22  Roach x2  
  89  6:29  Spine Crawler  
  88  6:38  Muscular Augments  
  88  6:53  Drone x3  
  91  7:00  Overlord x4  
  91  7:19  Overlord x3  
  91  7:31  Evolution Chamber  
  91  7:32  Evolution Chamber  
  91  7:33  Drone x4  
  91  7:34  Drone x2  
  91  7:35  Ravager  
  91  7:36  Ravager x6  
  102  7:37  Ravager  
  97  8:05  Roach  
  99  8:06  Roach x3  
  99  8:07  Roach x6  
  117  8:14  Drone x4  
  117  8:19  Queen  
  112  9:00  Roach  
  112  9:01  Roach x14  
  112  9:02  Roach  
Show
View Real Time Build Order
Export as new Build Order

Fropez Protoss 

Build Orders: 1 Gate Expand 

Get SALT Encoding   

  12  0:01  Probe (Chrono Boost)  
  13  0:11  Probe (Chrono Boost)  
  14  0:20  Pylon  
  14  0:25  Probe (Chrono Boost)  
  15  0:38  Gateway  
  15  0:39  Probe (Chrono Boost)  
  16  0:50  Probe (Chrono Boost)  
  16  0:53  Assimilator  
  17  1:01  Probe (Chrono Boost)  
  18  1:12  Probe (Chrono Boost)  
  19  1:24  Nexus  
  19  1:34  Assimilator  
  19  1:45  Probe (Chrono Boost)  
  20  1:55  Pylon  
  20  1:56  Probe (Chrono Boost), Cybernetics Core  
  21  2:06  Probe (Chrono Boost)  
  22  2:17  Probe (Chrono Boost)  
  23  2:27  Pylon  
  23  2:30  Gateway  
  23  2:34  Warp Gate  
  23  2:41  Gateway  
  23  2:43  Probe (Chrono Boost)  
  25  2:50  Mothership Core (Chrono Boost)  
  26  3:02  Probe (Chrono Boost)  
  27  3:06  Assimilator  
  27  3:10  Probe (Chrono Boost)  
  27  3:12  Adept  
  30  3:13  Probe (Chrono Boost)  
  31  3:23  Twilight Council  
  31  3:25  Gateway  
  31  3:30  Probe (Chrono Boost)  
  31  3:32  Adept  
  34  3:39  Adept  
  36  3:43  Adept  
  36  3:47  Resonating Glaives, Probe (Chrono Boost)  
  39  3:49  Probe (Chrono Boost)  
  40  3:59  Probe (Chrono Boost)  
  41  4:04  Adept  
  41  4:07  Adept  
  45  4:14  Adept  
  49  4:17  Probe (Chrono Boost)  
  49  4:18  Probe (Chrono Boost)  
  49  4:32  Pylon  
  49  4:44  Adept x2  
  53  4:50  Pylon  
  55  4:53  Probe x2 (Chrono Boost)  
  55  4:55  Assimilator  
  55  4:57  Pylon  
  55  4:58  Sentry x2  
  59  5:07  Sentry  
  59  5:10  Sentry  
  63  5:22  Sentry x2  
  69  5:29  Probe x2 (Chrono Boost)  
  67  5:36  Forge x2  
  67  5:41  Probe x2 (Chrono Boost)  
  69  5:51  Adept x3  
  69  5:52  Adept  
  69  5:55  Probe (Chrono Boost), Protoss Ground Weapons Level 1, Protoss Ground Armor Level 1  
  78  6:00  Pylon  
  78  6:17  Probe x2 (Chrono Boost)  
  78  6:25  Sentry x3  
  84  6:29  Probe (Chrono Boost)  
  84  6:32  Phoenix  
  85  6:42  Pylon  
  85  6:49  Pylon  
  85  6:51  Probe (Chrono Boost)  
  85  6:52  Pylon  
  86  7:03  Gateway  
  86  7:04  Adept x3, Pylon, Gateway  
  86  7:07  Probe x2 (Chrono Boost)  
  62  8:00  Adept x4  
  62  8:13  Nexus, Robotics Facility  
  62  8:15  Probe x2 (Chrono Boost), Assimilator  
  62  8:19  Robotics Facility  
  64  8:21  Assimilator  
  64  8:22  Pylon  
  64  8:23  Adept x2  
  64  8:25  Adept  
  70  8:37  Pylon  
  63  8:54  Mothership Core (Chrono Boost)  
  61  9:02  Stalker x3  
  53  9:03  Stalker x2  
  46  9:17  Photon Cannon  
  46  9:19  Photon Cannon  
  46  9:22  Photon Cannon  
Tags
 
Add a new tag
Caveats
  • Supply blocks, unpowered buildings, or Contaminate may cause inaccurate times.
  • Supply counts are checked every 10 seconds.